 Dungeon Crawl Stone Soup version 0.22-a0-619-ga0c6fd2 (webtiles) character file.

5 sking99 the Ruffian (level 1, 0/20 HPs)
             Began as an Ogre Transmuter on July 14, 2018.
             Slain by a bat (1 damage)
             ... on level 1 of the Dungeon.
             The game lasted 00:00:31 (72 turns).

sking99 the Ruffian (Ogre Transmuter)                 Turns: 72, Time: 00:00:31

Health: 0/20       AC:  3    Str: 13    XL:     1   Next: 80%
Magic:  3/3        EV: 10    Int: 14    God:
Gold:   0          SH:  0    Dex:  9    Spells: 3/4 levels left

rFire    . . .     SeeInvis .     - Unarmed
rCold    . . .     Gourm    .   (no shield)
rNeg     . . .     Faith    .   b - +0 robe
rPois    .         Spirit   .   (helmet restricted)
rElec    .         Reflect  .   (no cloak)
rCorr    .         Harm     .   (gloves unavailable)
MR       .....                  (boots unavailable)
Stlth    +.........             (no amulet)
HPRegen  0.06/turn              (no ring)
MPRegen  0.08/turn              (no ring)

@: no status effects
A: large, unfitting armour, tough skin 1
a: no special abilities


You were on level 1 of the Dungeon.
You were not hungry.

You visited 1 branch of the dungeon, and saw 1 of its levels.

Inventory:

Missiles
 a - 12 arrows
Armour
 b - a +0 robe (worn)
Comestibles
 d - a ration


   Skills:
 + Level 1.6 Fighting
 + Level 1.9 Dodging
 * Level 2.9 Unarmed Combat
 - Level 2.4 Spellcasting
 - Level 1.7 Transmutations


You had 3 spell levels left.
You knew the following spells:

 Your Spells              Type           Power        Failure   Level  Hunger
a - Beastly Appendage     Tmut           #.....       11%         1    #......

Your spell library contained the following spells:

 Spells                   Type           Power        Failure   Level  Hunger
 Spider Form              Tmut/Pois      #.........   43%         3    ###....
 Blade Hands              Tmut           #.........   97%         5    ######.
 Ice Form                 Ice/Tmut       #.......     85%         4    #####..
 Sticks to Snakes         Tmut           #.......     17%         2    ###....


Dungeon Overview and Level Annotations

Branches:
Dungeon (1/15)

Altars:


Innate Abilities, Weirdness & Mutations

You are too large for most types of armour.
You have tough skin. (AC +1)


Message History

You closely miss the bat. The bat barely misses you. x2
The bat hits you but does no damage. x2
You hit the bat.
The bat is moderately wounded.
The bat hits you.
* * * LOW HITPOINT WARNING * * *
The bat barely misses you.
The bat hits you but does no damage. x2; The bat barely misses you.
Things that are here:
a dagger; a rat corpse; a goblin corpse You closely miss the bat.
Your horns disappear.
The bat closely misses you. The bat barely misses you.
The bat closely misses you. The bat barely misses you.
You closely miss the bat. The bat closely misses you.
The bat hits the bush but does no damage.
The bat hits you but does no damage.
The bat hits you but does no damage. x2; The bat closely misses you. x2
You barely miss the bat. The bat hits you.
You die...

#P...P#
##...##..........
#P...P##..........
##...##...........
#P...P#.......♣.♣.
##...##..[........
#P...P#.......♣.♣.
##..b##........>..
#.#@#............
...#b.............
.......#...........#
#!#####......####...#
# ######.# #.. .... .
####.♣ #♣


You could see 2 bats.

Vanquished Creatures
  A dart slug (D:1)
  A goblin (D:1)
  2 rats (D:1)
4 creatures vanquished.

Notes
Turn   | Place    | Note
-------+----------+-------------------------------------------
     0 | D:1      | sking99 the Ogre Transmuter began the quest for the Orb.
     0 | D:1      | Reached XP level 1. HP: 19/19 MP: 3/3
    67 | D:1      | HP: 1/20 [bat (1)]
    72 | D:1      | Slain by a bat

Vault maps used:
D:1:      minmay_arrival_plants_in_alcoves, serial_forest,
          infiniplex_forest_clump_medium, infiniplex_forest_end_2,
          infiniplex_forest_corner_1, infiniplex_forest_lined_room_3,
          infiniplex_forest_lined_3, infiniplex_forest_join,
          infiniplex_forest_straight_4, minmay_door_square,
          minmay_stone_trees_medium

Action                   || total
-------------------------++-------
Melee: Unarmed           ||    40
       Headbutt          ||     1
 Cast: Beastly Appendage ||     1
Armor: Robe              ||    42
Dodge: Dodged            ||    68

Table legend:
 A = Spawn XP
 B = Non-spawn XP
 C = Spawn XP percentage of total XP
 D = Spawn monster count
 E = Non-spawn monster count
 F = Spawn count percentage of total count
 G = Total turns spent on level
                    A         B        C        D         E        F      G
               +---------+---------+-------+---------+---------+-------+---------
         Total |       0 |       8 |   0.0 |       0 |       4 |   0.0 |    72
               +---------+---------+-------+---------+---------+-------+---------
           D:1 |       0 |       8 |   0.0 |       0 |       4 |   0.0 |    72
               +---------+---------+-------+---------+---------+-------+---------
